[Event "Titled Tuesday Blitz April 4 Early 2023"]
[White "Okike, David"]
[Black "Torres Hernandez, Leslie Carolin"]
[WhiteFideId "8500134"]
[BlackFideId "8400504"]
[WhiteElo "2232"]
[BlackElo "1920"]
[Result "1-0"]
[Round "06"]
[TimeControl "180+2"]
[Date "2023.04.04"]
[WhiteClock "0:00:55"]
[BlackClock "0:00:37"]

1. e4 c5 2. Nf3 d6 3. d4 cxd4 4. Nxd4 Nf6 5. Nc3 a6 6. Bg5 e6 7. f4 Be7 8. Qf3 Qc7 9. O-O-O Nbd7 10. g4 b5 11. a3 Bb7 12. Bd3 h6 13. Bxf6 Bxf6 14. Nde2 g5 15. h4 O-O-O 16. Kb1 Kb8 17. fxg5 hxg5 18. h5 Rh6 19. Rhf1 Ne5 20. Qg2 Nc4 21. Bxc4 Qxc4 22. Rd3 b4 23. axb4 Qxb4 24. Qg3 Bxe4 25. Rxf6 Rxf6 26. Nxe4 Rf1+ 27. Ka2 Qxe4 28. Rb3+ Ka8 29. Nc3 Qc4 30. Qg2+ d5 31. Ka3 Rf4 32. Qg1 Qc5+ 33. Qxc5 1-0


[Site "https://www.chess.com"]

[Event "Titled Tuesday Blitz April 4 Early 2023"]
[White "Yanayt, Eugene"]
[Black "EdmundPlayer"]
[WhiteFideId "2020165"]
[WhiteElo "2083"]
[BlackElo "2239"]
[Result "1-0"]
[Round "06"]
[TimeControl "180+2"]
[Date "2023.04.04"]
[WhiteClock "0:00:14"]
[BlackClock "0:00:08"]

1. e4 e5 2. Nf3 Nc6 3. Bc4 Bc5 4. c3 Nf6 5. b4 Bb6 6. a4 a6 7. a5 Ba7 8. O-O O-O 9. d3 d6 10. Nbd2 h6 11. Ra2 Ne7 12. Re1 Ng6 13. Nf1 Be6 14. Qb3 Qd7 15. d4 exd4 16. Nxd4 Bxc4 17. Qxc4 d5 18. exd5 Qxd5 19. Ne3 Rfe8 20. Qe2 Qe4 21. Qf3 Bxd4 22. cxd4 Qxf3 23. gxf3 Nf4 24. Rc2 c6 25. Rd1 Rad8 26. Nc4 N6d5 27. Bd2 Ne2+ 28. Kf1 Nxd4 29. Rb2 Nxf3 30. Bc1 Nc3 31. Rxd8 Rxd8 32. Kg2 Ne1+ 33. Kh3 Nd3 34. Rc2 Nxc1 35. Rxc3 Ne2 36. Re3 Nf4+ 37. Kg4 Nd5 38. Re4 Kf8 39. Ne5 g6 40. Kg3 Kg7 41. Nf3 f5 42. Rc4 Kf6 43. Ne1 Re8 44. Ng2 Re4 45. Rc1 Rxb4 46. Re1 Rb3+ 47. f3 Kf7 48. Nh4 Re3 49. Rd1 f4+ 50. Kf2 Rc3 51. Rb1 Rc2+ 52. Kg1 Ne3 53. Rxb7+ Kf6 54. Rd7 Rc1+ 55. Kf2 Rc2+ 56. Ke1 Rxh2 57. Rd6+ Kg5 58. Nxg6 Rh1+ 59. Ke2 Rh2+ 60. Ke1 Rh1+ 61. Ke2 Rh2+ 62. Kd3 Kf5 63. Nf8 Ke5 64. Rxc6 Rh1 65. Re6+ Kd5 66. Rxa6 Rd1+ 67. Ke2 Ra1 68. Rxh6 Ra2+ 69. Kd3 Ra3+ 70. Ke2 Kd4 71. Rd6+ Nd5 72. Ne6+ Ke5 73. Rc6 Ra1 74. Kd2 Ra2+ 75. Kc1 Rxa5 76. Nd8 Ra3 77. Re6+ Kd4 78. Nc6+ Kc3 79. Kb1 Ra6 80. Rd6 Rxc6 81. Rxc6+ Kd4 82. Re6 Nc3+ 83. Kc2 Nd5 84. Re4+ Kc5 85. Kd3 Nb4+ 86. Rxb4 Kxb4 87. Ke4 Kc5 88. Kxf4 Kd6 89. Kg5 Ke7 90. Kg6 Kf8 91. Kf6 Kg8 92. f4 Kf8 93. f5 Kg8 94. Ke7 Kg7 95. f6+ Kh6 96. f7 1-0


[Site "https://www.chess.com"]

[Event "Titled Tuesday Blitz April 4 Early 2023"]
[White "Rian, Kapriaga"]
[Black "Clawitter, Craig"]
[WhiteFideId "7103263"]
[BlackFideId "2023105"]
[WhiteElo "2352"]
[BlackElo "2234"]
[Result "1/2-1/2"]
[Round "06"]
[TimeControl "180+2"]
[Date "2023.04.04"]
[WhiteClock "0:00:21"]
[BlackClock "0:00:14"]

1. d4 e6 2. Nf3 Nf6 3. Bf4 b6 4. e3 Bb7 5. Nbd2 Be7 6. h3 c5 7. c3 cxd4 8. exd4 d6 9. Bd3 Nbd7 10. O-O O-O 11. Qe2 a6 12. a4 Re8 13. Rfd1 Nf8 14. Bh2 Ng6 15. Nc4 b5 16. axb5 axb5 17. Ne3 b4 18. Nd2 bxc3 19. bxc3 Qc7 20. c4 Rxa1 21. Rxa1 Ra8 22. Qd1 Qc8 23. Rxa8 Qxa8 24. Bf1 e5 25. Nb3 Ne4 26. dxe5 dxe5 27. Nd5 Bxd5 28. Qxd5 Qxd5 29. cxd5 f6 30. f3 Nc5 31. Bc4 Kf8 32. Kf1 Nh4 33. Bg1 Nxb3 34. Bxb3 Nf5 35. Bf2 Ke8 36. Ke2 Kd7 37. g4 Nd4+ 38. Bxd4 exd4 39. Kd3 Bc5 40. Kc4 Kd6 41. f4 g5 42. fxg5 fxg5 43. Bc2 h6 44. Bf5 Ba7 45. Be6 Bb6 46. Kd3 Ke5 47. Bg8 Ba7 48. Bf7 Bb8 49. Bg8 Bd6 50. Bf7 Be7 51. Bg8 Bd6 52. Bf7 Be7 53. Bg8 Bd6 1/2-1/2


[Site "https://www.chess.com"]

[Event "Titled Tuesday Blitz April 4 Early 2023"]
[White "Vemparala, Nikash"]
[Black "Ai, Evan"]
[WhiteFideId "30960967"]
[BlackFideId "2094770"]
[WhiteElo "2023"]
[BlackElo "1963"]
[Result "1-0"]
[Round "06"]
[TimeControl "180+2"]
[Date "2023.04.04"]
[WhiteClock "0:00:09"]
[BlackClock "0:00:01"]

1. e4 e5 2. Nf3 Nc6 3. d4 exd4 4. Nxd4 Nf6 5. Nxc6 bxc6 6. e5 Nd5 7. c4 Nb6 8. b3 a5 9. Bb2 a4 10. Nd2 Bb4 11. Bd3 a3 12. Bd4 c5 13. Be3 Bb7 14. f3 Qe7 15. f4 Bxg2 16. Rg1 Qh4+ 17. Bf2 Qxh2 18. Qg4 Bh3 19. Qf3 O-O 20. Rh1 Bg2 21. Rxh2 Bxf3 22. Bxh7+ Kh8 23. Be4+ Kg8 24. Bxf3 Rae8 25. O-O-O f5 26. Rdh1 Re6 27. Rh8+ Kf7 28. Bd5 Nxd5 29. cxd5 Rg6 30. Rxf8+ Kxf8 31. Rg1 Rh6 32. Nf3 Rh3 33. Ng5 Rc3+ 34. Kb1 Rd3 35. e6 Rxd5 36. Nh7+ Ke7 37. Rxg7+ Kxe6 38. Ng5+ 1-0


[Site "https://www.chess.com"]

[Event "Titled Tuesday Blitz April 4 Early 2023"]
[White "Ansh M Shah"]
[Black "Blokhin, Sofia"]
[WhiteFideId "25033379"]
[BlackFideId "4508190"]
[WhiteElo "2084"]
[BlackElo "1994"]
[Result "1-0"]
[Round "06"]
[TimeControl "180+2"]
[Date "2023.04.04"]
[WhiteClock "0:00:16"]
[BlackClock "0:00:04"]

1. d4 g6 2. c4 Bg7 3. Nc3 f5 4. h4 Nf6 5. Bg5 O-O 6. Bxf6 Bxf6 7. h5 g5 8. h6 d6 9. e4 Nc6 10. d5 Ne5 11. Bd3 f4 12. Nf3 Bg4 13. Be2 Bxf3 14. gxf3 Kh8 15. Qb3 Qd7 16. O-O-O a6 17. Kb1 Rab8 18. Qa4 Qxa4 19. Nxa4 b5 20. cxb5 axb5 21. Nc3 b4 22. Nb5 Nxf3 23. Nxc7 Nd4 24. Bg4 b3 25. a3 Rb7 26. Ne6 Nxe6 27. Bxe6 Rc7 28. Rc1 Rc5 29. Rxc5 dxc5 30. Rh3 Rb8 31. a4 c4 32. d6 c3 33. bxc3 exd6 34. Kb2 Rb4 35. Rd3 Rxa4 36. Rxd6 Rxe4 37. Bf5 Re2+ 38. Kxb3 Be7 39. Rc6 Kg8 40. Be6+ Rxe6 41. Rxe6 Kf7 42. Rc6 g4 43. Kc4 g3 44. fxg3 fxg3 45. Rb6 g2 46. Rb1 Kg6 47. Rg1 Kxh6 48. Rxg2 Kh5 49. Kd5 h6 50. c4 Bg5 51. c5 Kg6 52. c6 Kf5 53. c7 1-0


[Site "https://www.chess.com"]

[Event "Titled Tuesday Blitz April 4 Early 2023"]
[White "Mirzanurov, Bulat"]
[Black "Thiel, Thomas"]
[WhiteFideId "4184521"]
[BlackFideId "4615964"]
[WhiteElo "2019"]
[BlackElo "2221"]
[Result "1/2-1/2"]
[Round "06"]
[TimeControl "180+2"]
[Date "2023.04.04"]
[WhiteClock "0:00:10"]
[BlackClock "0:01:16"]

1. e4 d5 2. exd5 Nf6 3. Nf3 Nxd5 4. d4 g6 5. c4 Nb6 6. Nc3 Bg7 7. Be3 O-O 8. Be2 Bg4 9. h3 Bxf3 10. Bxf3 Nc6 11. Bxc6 bxc6 12. Qd3 c5 13. d5 c6 14. Bxc5 Bxc3+ 15. bxc3 cxd5 16. Bxb6 axb6 17. cxd5 Ra3 18. O-O Qc7 19. Rfc1 Rc8 20. Rab1 Rxa2 21. Qe3 Ra3 22. Rxb6 Rxc3 23. Rxc3 Qxc3 24. Qh6 Qc1+ 25. Qxc1 Rxc1+ 26. Kh2 Rd1 27. Rb5 Kg7 28. f4 Kf6 29. Kg3 Rd3+ 30. Kf2 Ra3 31. g3 h5 32. Kg2 Rd3 33. g4 hxg4 34. hxg4 e6 35. dxe6 Kxe6 36. Rb6+ Ke7 37. Kf2 Rd6 38. Rxd6 Kxd6 39. Ke3 f5 40. gxf5 gxf5 41. Kd4 Ke6 42. Kc5 Ke7 43. Kd5 Kf6 44. Kd6 Kf7 45. Ke5 Kg6 46. Ke6 Kg7 47. Kxf5 Kf7 48. Kg5 Kg7 49. f5 Kf7 50. f6 Kf8 51. Kf5 Kf7 52. Ke5 Kf8 53. Kd6 Kf7 54. Ke5 Kf8 55. Kf4 Kf7 56. Kg5 Kf8 57. Kf5 Kf7 58. Ke5 1/2-1/2


[Site "https://www.chess.com"]

[Event "Titled Tuesday Blitz April 4 Early 2023"]
[White "Grabinsky, Vladimir"]
[Black "Kujawski, Adam"]
[WhiteFideId "14107074"]
[BlackFideId "1100920"]
[WhiteElo "2027"]
[BlackElo "2054"]
[Result "1-0"]
[Round "06"]
[TimeControl "180+2"]
[Date "2023.04.04"]
[WhiteClock "0:00:15"]
[BlackClock "0:00:01"]

1. e4 e5 2. Nf3 Nc6 3. d4 exd4 4. c3 d5 5. exd5 Qxd5 6. cxd4 Bg4 7. Be2 Bb4+ 8. Nc3 Bxf3 9. Bxf3 Qc4 10. Qb3 Qxb3 11. axb3 Nge7 12. Be3 O-O-O 13. O-O Kb8 14. Rfd1 Nf5 15. Bxc6 bxc6 16. Ra4 a5 17. Na2 c5 18. Nxb4 axb4 19. Ra5 Nxd4 20. Bxd4 Rxd4 21. Rxd4 cxd4 22. Rb5+ Kc8 23. Rxb4 Rd8 24. Kf1 Rd5 25. Ke2 Kd7 26. Kd3 c5 27. Rb7+ Ke6 28. f4 g5 29. fxg5 Rxg5 30. g3 h5 31. b4 cxb4 32. Rxb4 h4 33. gxh4 Rg2 34. Kxd4 Rxh2 35. Kc5 f5 36. Rb8 f4 37. b4 Rxh4 38. b5 f3 39. b6 Rf4 40. Re8+ Kf7 41. b7 1-0


[Site "https://www.chess.com"]

[Event "Titled Tuesday Blitz April 4 Early 2023"]
[White "I_KID_you_not"]
[Black "Dahlgren, James Allen"]
[BlackFideId "22256873"]
[WhiteElo "2328"]
[BlackElo "2202"]
[Result "1-0"]
[Round "06"]
[TimeControl "180+2"]
[Date "2023.04.04"]
[WhiteClock "0:01:37"]
[BlackClock "0:00:28"]

1. e4 e6 2. d4 c5 3. d5 exd5 4. exd5 f5 5. c4 d6 6. Nc3 Nf6 7. Bd3 Be7 8. Nge2 O-O 9. O-O a6 10. Nf4 g5 11. Ne6 Bxe6 12. dxe6 f4 13. Nd5 Nc6 14. b3 Ne5 15. Bb2 Nxd5 16. cxd5 Bf6 17. Bxe5 Bxe5 18. Qh5 Qe7 19. Rae1 Qg7 20. Re4 Rf6 21. Rfe1 Rh6 22. Qd1 Re8 23. Rxe5 dxe5 24. d6 Rhxe6 25. Bc4 Qd7 26. Rxe5 Kg7 27. Rxe6 Rxe6 28. Bxe6 Qxe6 29. d7 1-0


[Site "https://www.chess.com"]

[Event "Titled Tuesday Blitz April 4 Early 2023"]
[White "Polanco Nunez, Yoel Estarling"]
[Black "Ciuffoletti, Paolo"]
[WhiteFideId "6401783"]
[BlackFideId "807630"]
[WhiteElo "2132"]
[BlackElo "2143"]
[Result "1-0"]
[Round "06"]
[TimeControl "180+2"]
[Date "2023.04.04"]
[WhiteClock "0:02:05"]
[BlackClock "0:00:08"]

1. d4 d5 2. Nf3 Nf6 3. c3 c5 4. e3 Nc6 5. dxc5 a5 6. Bb5 e6 7. b4 Bd7 8. Bb2 axb4 9. Bxc6 Bxc6 10. cxb4 b6 11. a4 bxc5 12. b5 Bd7 13. O-O Bd6 14. Nbd2 O-O 15. Qc2 Re8 16. e4 e5 17. exd5 Nxd5 18. Nc4 Qf6 19. Qd2 e4 20. Bxf6 1-0


[Site "https://www.chess.com"]

[Event "Titled Tuesday Blitz April 4 Early 2023"]
[White "Kiseleva, Arina"]
[Black "Zampronha, Wladimir Camilo"]
[WhiteFideId "4164989"]
[BlackFideId "2103087"]
[WhiteElo "1708"]
[BlackElo "2176"]
[Result "1/2-1/2"]
[Round "06"]
[TimeControl "180+2"]
[Date "2023.04.04"]
[WhiteClock "0:00:05"]
[BlackClock "0:00:19"]

1. d4 Nf6 2. Nf3 e6 3. e3 b6 4. Bd3 Bb7 5. Nbd2 Be7 6. e4 d5 7. e5 Ne4 8. Qe2 Nxd2 9. Bxd2 c5 10. c3 Nc6 11. O-O O-O 12. a3 Rc8 13. Be3 cxd4 14. Bxd4 Nxd4 15. Nxd4 Qc7 16. f4 Ra8 17. Bxh7+ Kxh7 18. Qh5+ Kg8 19. Rf3 Bc5 20. Rh3 Bxd4+ 21. cxd4 f6 22. Qh7+ Kf7 23. exf6 Kxf6 24. Qh4+ Kf7 25. Qh5+ Ke7 26. Qg5+ Ke8 27. Rh7 Qe7 28. Qg6+ Qf7 29. Qxg7 Qxg7 30. Rxg7 Rf7 31. Rg8+ Ke7 32. Rxa8 Bxa8 33. g3 Kd6 34. Rc1 Rc7 35. Rxc7 Kxc7 36. h4 Kd6 37. h5 Ke7 38. Kf2 Bc6 39. g4 Ba4 40. Kg3 Kf6 41. Kh4 Bc2 42. Kg3 b5 43. Kf3 a5 44. Kg3 b4 45. axb4 axb4 46. Kf3 Bd1+ 47. Kg3 Be2 48. Kh4 Bd3 49. Kg3 b3 50. Kh4 Be4 51. Kg3 Bd3 52. Kf3 Bc2 53. Kg3 Bd1 54. Kh4 Bc2 55. Kg3 Bd1 56. Kh4 Bc2 57. Kg3 1/2-1/2


[Site "https://www.chess.com"]

[Event "Titled Tuesday Blitz April 4 Early 2023"]
[White "Kalajzic, Ivan"]
[Black "Larina, Maria"]
[WhiteFideId "14506378"]
[BlackFideId "24113182"]
[WhiteElo "2203"]
[BlackElo "1848"]
[Result "1/2-1/2"]
[Round "06"]
[TimeControl "180+2"]
[Date "2023.04.04"]
[WhiteClock "0:00:08"]
[BlackClock "0:00:03"]

1. d4 f5 2. g4 fxg4 3. e4 d5 4. e5 c5 5. c3 Nc6 6. Be3 cxd4 7. cxd4 Qb6 8. Nc3 e6 9. Bb5 Bd7 10. Nge2 a6 11. Bxc6 Bxc6 12. Qd2 Ne7 13. O-O-O O-O-O 14. h3 gxh3 15. Rxh3 Nf5 16. Kb1 Bb4 17. Rdh1 h6 18. Qd3 Ba3 19. b3 Rdf8 20. Bc1 Bxc1 21. Rxc1 Kb8 22. Nf4 Bd7 23. Ng6 Nxd4 24. Qe3 Ka7 25. Nxh8 Rxh8 26. Rd1 Nc6 27. Qxb6+ Kxb6 28. f4 Nb4 29. Ne2 Bb5 30. Nd4 Bd7 31. Rg3 Rg8 32. Rg6 Nc6 33. Nxe6 Bxe6 34. Rxe6 Kc5 35. f5 d4 36. f6 gxf6 37. exf6 Rf8 38. Rf1 Rf7 39. Rf5+ Kb4 40. Kc2 Nd8 41. Re7 Rf8 42. f7 b5 43. Kd3 Nc6 44. Re8 Rxf7 45. Rxf7 Ne5+ 46. Kxd4 Nxf7 47. Re7 Ng5 48. Ra7 a5 49. a3+ Kxa3 50. Rxa5+ Kxb3 51. Rxb5+ Ka4 52. Rb8 Nf3+ 53. Kc4 Nd2+ 54. Kc3 Ne4+ 55. Kd4 Nd2 56. Rh8 Nb3+ 57. Kd5 Kb4 58. Rxh6 Kc3 59. Rc6+ Kd3 60. Rh6 Na5 61. Rh3+ Ke2 62. Rc3 Nb7 63. Kc6 Nd8+ 64. Kd6 Nf7+ 65. Ke6 Ng5+ 66. Kf5 Nf3 67. Ra3 Nd2 68. Kf4 Nf1 69. Ra2+ Nd2 70. Ke5 Kd3 71. Ra3+ Ke2 72. Rh3 Nf3+ 73. Kf4 Nd2 74. Rh2+ Kd3 75. Ke5 Nc4+ 76. Kd5 Ne3+ 77. Kc5 Ke4 78. Rh4+ Kf3 79. Ra4 Nf5 80. Kd5 Ne3+ 81. Ke5 Ng4+ 82. Kf5 Ne3+ 83. Kg5 Ke2 84. Ra3 Ng2 85. Kg4 Ne3+ 86. Kf4 Ng2+ 87. Ke4 Kf2 88. Ra2+ Kg3 89. Ra3+ Kg4 90. Ra1 Nh4 91. Rg1+ Kh5 92. Kf4 Ng6+ 93. Kf5 Nh4+ 94. Kf6 Nf3 95. Rg8 Nh4 96. Rh8+ Kg4 97. Rg8+ Kh3 98. Kg5 Kg3 99. Kh5+ Kh3 100. Rg4 Ng2 101. Ra4 Nf4+ 102. Kg5 Ng2 103. Ra3+ Kh2 104. Kg4 Kg1 105. Ra2 Ne1 106. Kg3 Kf1 107. Rh2 Nd3 108. Kf3 1/2-1/2


[Site "https://www.chess.com"]

[Event "Titled Tuesday Blitz April 4 Early 2023"]
[White "Kohler, Aran"]
[Black "Barria Santos, Jose Guilherme"]
[WhiteFideId "1002856"]
[BlackFideId "1939300"]
[WhiteElo "2295"]
[BlackElo "2266"]
[Result "1-0"]
[Round "06"]
[TimeControl "180+2"]
[Date "2023.04.04"]
[WhiteClock "0:02:27"]
[BlackClock "0:02:19"]

1. d4 Nf6 2. Nf3 g6 3. Bg5 Bg7 4. Nbd2 O-O 5. c3 d5 6. Bxf6 Bxf6 7. e4 dxe4 8. Nxe4 Bg7 9. Bd3 Nd7 10. h4 e5 11. h5 f5 12. Qb3+ Kh8 13. hxg6 Nf6 14. Neg5 Qe8 15. Nxh7 1-0


[Site "https://www.chess.com"]

[Event "Titled Tuesday Blitz April 4 Early 2023"]
[White "Fuzesabonyilaci"]
[Black "Levine, David"]
[BlackFideId "2011611"]
[WhiteElo "2293"]
[BlackElo "2093"]
[Result "1-0"]
[Round "06"]
[TimeControl "180+2"]
[Date "2023.04.04"]
[WhiteClock "0:00:26"]
[BlackClock "0:00:03"]

1. Nf3 d5 2. g3 Nf6 3. Bg2 e6 4. O-O Be7 5. d4 O-O 6. c4 dxc4 7. Ne5 Nc6 8. Nxc6 bxc6 9. Qa4 Rb8 10. Qxc4 Rb4 11. Qxc6 Rxd4 12. Be3 Rd1 13. Nc3 Rxa1 14. Rxa1 Bd7 15. Qb7 a5 16. Rd1 Qc8 17. Qa7 Bb4 18. Ne4 Ba4 19. Nxf6+ gxf6 20. b3 Bb5 21. Bf3 Rd8 22. Rc1 Rd7 23. Bc5 Qd8 24. Bxb4 axb4 25. Qc5 Rd1+ 26. Rxd1 Qxd1+ 27. Kg2 Bxe2 28. Bxe2 Qxe2 29. Qxc7 Qxa2 30. Qb8+ Kg7 31. Qxb4 Qc2 32. Qg4+ Kf8 33. b4 Qc6+ 34. Kh3 f5 35. Qd4 Qf3 36. b5 h5 37. b6 h4 38. Qb4+ Kg7 39. b7 hxg3 40. Qb2+ Kg6 41. fxg3 1-0


[Site "https://www.chess.com"]

[Event "Titled Tuesday Blitz April 4 Early 2023"]
[White "Necula, Iulian"]
[Black "Rose, Felix"]
[WhiteFideId "1232380"]
[BlackFideId "5105722"]
[WhiteElo "1790"]
[BlackElo "2039"]
[Result "0-1"]
[Round "06"]
[TimeControl "180+2"]
[Date "2023.04.04"]
[WhiteClock "0:00:04"]
[BlackClock "0:01:12"]

1. d4 Nf6 2. Nc3 d5 3. Bf4 c5 4. e3 cxd4 5. exd4 a6 6. Nf3 Nc6 7. a3 Bg4 8. Be2 e6 9. O-O Bd6 10. Ne5 Bxe2 11. Nxe2 Qc7 12. Re1 Nxe5 13. dxe5 Bxe5 14. Bxe5 Qxe5 15. Nd4 Qc7 16. c3 O-O 17. h3 Rfe8 18. g4 Ne4 19. Re3 Qf4 20. Rf3 Qd2 21. Qxd2 Nxd2 22. Rd3 Nc4 23. Rb1 b5 24. f4 Rac8 25. Kf2 Nd6 26. Kf3 Ne4 27. Re1 f6 28. f5 exf5 29. Nxf5 Ng5+ 30. Kf2 Rxe1 31. Kxe1 Re8+ 32. Kd2 Ne4+ 33. Kc2 g6 34. Rxd5 gxf5 35. Rxf5 Kg7 36. h4 Nd6 37. g5 Nxf5 38. gxf6+ Kxf6 0-1


[Site "https://www.chess.com"]

[Event "Titled Tuesday Blitz April 4 Early 2023"]
[White "Maluco_do_Natal_00"]
[Black "Orujov2008"]
[WhiteElo "2001"]
[BlackElo "2279"]
[Result "0-1"]
[Round "06"]
[TimeControl "180+2"]
[Date "2023.04.04"]
[WhiteClock "0:00:02"]
[BlackClock "0:00:59"]

1. e4 c5 2. Nf3 d6 3. d4 cxd4 4. Nxd4 Nf6 5. Nc3 a6 6. Be3 e5 7. Nb3 Be7 8. f3 O-O 9. Qd2 Be6 10. O-O-O Nbd7 11. g4 b5 12. g5 Nh5 13. Kb1 b4 14. Nd5 Bxd5 15. exd5 a5 16. Nc1 Qb8 17. Bh3 Nb6 18. Qe2 Re8 19. Qb5 Nf4 20. Bxf4 exf4 21. Rhe1 Qc7 22. Nd3 Nc4 23. Nxf4 Ne5 24. Nd3 Reb8 25. Qa4 Nc4 26. f4 f6 27. Bf5 fxg5 28. Be6+ Kh8 29. Rg1 Bf6 30. fxg5 Bd4 31. Rg4 Bxb2 32. Nxb2 Na3+ 33. Ka1 Nxc2+ 34. Kb1 Na3+ 35. Ka1 Rc8 36. Rb1 Nc2+ 37. Qxc2 Qxc2 38. g6 h6 39. Rf4 Rf8 40. Rf7 Rxf7 41. Bxf7 a4 42. h4 b3 43. a3 Qc5 44. Be6 Qxa3# 0-1


[Site "https://www.chess.com"]

[Event "Titled Tuesday Blitz April 4 Early 2023"]
[White "Legenia, Artem"]
[Black "hsd2016"]
[WhiteFideId "14136945"]
[WhiteElo "1992"]
[BlackElo "2036"]
[Result "0-1"]
[Round "06"]
[TimeControl "180+2"]
[Date "2023.04.04"]
[WhiteClock "0:01:04"]
[BlackClock "0:01:06"]

1. e4 e5 2. Nf3 Nc6 3. Nc3 Nf6 4. Nxe5 Nxe5 5. d4 Nc6 6. d5 Ne5 7. f4 Ng6 8. e5 Ng8 9. d6 cxd6 10. Bc4 dxe5 11. O-O Nf6 12. fxe5 Nxe5 13. Qe2 d6 14. Bg5 Be7 15. Bb5+ Bd7 16. Bxd7+ Qxd7 17. Rad1 O-O-O 18. Rf4 h6 19. Bxf6 Bxf6 20. Nd5 Bg5 21. Rb4 Rhe8 22. Qf2 Nc6 23. Ra4 Qe6 24. b4 Qxd5 25. Rxd5 Be3 26. b5 Bxf2+ 27. Kxf2 Ne7 28. Rd3 Kb8 29. c4 b6 30. Rf3 f6 31. Rg3 g5 32. Rf3 f5 33. Raa3 f4 34. Rad3 Ng6 35. Rb3 Ne5 36. Rfc3 Rc8 37. h3 Rxc4 0-1


[Site "https://www.chess.com"]

[Event "Titled Tuesday Blitz April 4 Early 2023"]
[White "Ward, Ieuan C"]
[Black "Floresvillar Gonzalez, Luis Migu"]
[WhiteFideId "406627"]
[BlackFideId "5100542"]
[WhiteElo "2304"]
[BlackElo "2040"]
[Result "1/2-1/2"]
[Round "06"]
[TimeControl "180+2"]
[Date "2023.04.04"]
[WhiteClock "0:00:32"]
[BlackClock "0:00:16"]

1. d4 Nf6 2. c4 e5 3. dxe5 Ng4 4. Bf4 g5 5. Bg3 Bg7 6. Nf3 Nc6 7. h4 h6 8. hxg5 hxg5 9. Rxh8+ Bxh8 10. Qd2 Ngxe5 11. Nxe5 Nxe5 12. e3 d6 13. Nc3 c6 14. O-O-O Be6 15. Qxd6 Qxd6 16. Rxd6 Rd8 17. Rxd8+ Kxd8 18. Bxe5 Bxe5 19. Ne4 f6 20. Nc5 Bc8 21. b3 b6 22. Nd3 Bd6 23. f3 Bf5 24. e4 Be6 25. Kc2 Ke7 26. g4 a5 27. Be2 c5 28. Nf2 Be5 29. Nd1 Bd4 30. Nc3 Be5 31. Na4 Bc7 32. Kd3 Kd6 33. Ke3 Kc6 34. Nc3 Bf4+ 35. Kd3 Be5 36. Bf1 Bf4 37. Bg2 Kc7 38. Nb5+ Kd7 39. Nc3 Kd6 40. Ne2 Be5 41. Ke3 Bd7 42. Bh3 Bc6 43. f4 gxf4+ 44. Nxf4 Ke7 45. Ng6+ Kd6 46. Nxe5 Kxe5 47. Bg2 Bd7 48. Bf3 Be6 49. Be2 Bd7 50. Bf3 Be6 51. Be2 Bd7 52. Bf3 1/2-1/2


[Site "https://www.chess.com"]

[Event "Titled Tuesday Blitz April 4 Early 2023"]
[White "Tuleyeva-Aketayeva, Dana"]
[Black "Burdalev, Kirill"]
[WhiteFideId "13701932"]
[BlackFideId "14121913"]
[WhiteElo "2030"]
[BlackElo "2236"]
[Result "0-1"]
[Round "06"]
[TimeControl "180+2"]
[Date "2023.04.04"]
[WhiteClock "0:00:03"]
[BlackClock "0:00:22"]

1. d4 Nf6 2. Nf3 g6 3. g3 Bg7 4. Bg2 O-O 5. O-O d6 6. c4 c5 7. dxc5 dxc5 8. Nc3 Nc6 9. Be3 Be6 10. Bxc5 Qa5 11. Ba3 Bxc4 12. Qc2 Rfe8 13. Rfe1 Rac8 14. Rac1 Nb4 15. Qb1 Nfd5 16. Bxb4 Nxb4 17. a3 Nd5 18. Nxd5 Bxd5 19. e4 Bc6 20. Qa2 Red8 21. b4 Qb6 22. Ng5 Be8 23. Bh3 Rxc1 24. Rxc1 Bh6 25. Rc5 Bxg5 26. Rxg5 Rd1+ 27. Kg2 Bc6 28. Qe2 Qd4 29. Bg4 Rd2 30. Qe1 Bxe4+ 31. Kh3 Qxf2 32. Qxf2 Rxf2 33. Re5 f5 0-1


[Site "https://www.chess.com"]

[Event "Titled Tuesday Blitz April 4 Early 2023"]
[White "Averjanov, Alexey"]
[Black "Vujcic, Milena"]
[WhiteFideId "14109867"]
[BlackFideId "954748"]
[WhiteElo "2669"]
[BlackElo "1882"]
[Result "1-0"]
[Round "06"]
[TimeControl "180+2"]
[Date "2023.04.04"]
[WhiteClock "0:01:18"]
[BlackClock "0:00:05"]

1. d4 Nf6 2. c4 g6 3. Nc3 Bg7 4. e4 d6 5. Be2 O-O 6. Nf3 e5 7. O-O Nc6 8. d5 Ne7 9. Ne1 Nd7 10. Be3 f5 11. f3 f4 12. Bf2 Nf6 13. c5 g5 14. a4 h5 15. a5 Ng6 16. cxd6 cxd6 17. Nb5 g4 18. Bxa7 g3 19. Bb6 Qe7 20. Nc7 Nd7 21. h3 Nxb6 22. axb6 Rxa1 23. Qxa1 Qh4 24. Ne6 Re8 25. Bc4 Nf8 26. Qa2 Bf6 27. Nd3 Bd8 28. Qa7 Nd7 29. Kh1 Bxb6 30. Qa4 Nf6 31. Rc1 Be3 32. Rc2 Bd7 33. Bb5 Bxb5 34. Qxb5 Ra8 35. Qxb7 Ra1+ 36. Rc1 Rxc1+ 37. Nxc1 Ne8 38. Qd7 Bxc1 39. Qxe8+ Kh7 40. Qf7+ Kh8 41. Qg7# 1-0


[Site "https://www.chess.com"]

[Event "Titled Tuesday Blitz April 4 Early 2023"]
[White "Vaglio Munoz, Jaime"]
[Black "Sankalan Shah"]
[WhiteFideId "6500145"]
[BlackFideId "25600362"]
[WhiteElo "2199"]
[BlackElo "2118"]
[Result "0-1"]
[Round "06"]
[TimeControl "180+2"]
[Date "2023.04.04"]
[WhiteClock "0:00:09"]
[BlackClock "0:00:44"]

1. e4 c5 2. a3 g6 3. b4 Bg7 4. c3 cxb4 5. axb4 a6 6. d4 d5 7. e5 Nh6 8. h3 a5 9. b5 b6 10. g4 O-O 11. f4 f6 12. exf6 exf6 13. Nf3 Nf7 14. Kf2 Nd6 15. Bd3 Re8 16. Kg2 Bd7 17. Na3 Qc7 18. Bd2 Ne4 19. Rc1 Qd6 20. Nb1 Be6 21. Re1 Bf7 22. c4 Nd7 23. Be3 Rac8 24. Nbd2 g5 25. Ne5 fxe5 26. fxe5 Nxe5 27. Nxe4 dxe4 28. Bxe4 Nxc4 29. Rxc4 Bxc4 30. Qb1 Rxe4 31. Kf2 Rce8 32. h4 Rxe3 33. Kg2 Rxe1 34. Qf5 R8e2+ 35. Kf3 Rf1# 0-1


[Site "https://www.chess.com"]

[Event "Titled Tuesday Blitz April 4 Early 2023"]
[White "dDobravcan"]
[Black "Itkis, Boris"]
[BlackFideId "1209167"]
[WhiteElo "2133"]
[BlackElo "2216"]
[Result "1-0"]
[Round "06"]
[TimeControl "180+2"]
[Date "2023.04.04"]
[WhiteClock "0:01:19"]
[BlackClock "0:00:03"]

1. e4 e6 2. d3 d5 3. Nd2 c5 4. Ngf3 Nc6 5. g3 Nf6 6. Bg2 Be7 7. O-O O-O 8. Re1 b5 9. e5 Nd7 10. Nf1 Qc7 11. Bf4 Bb7 12. c3 Rfc8 13. h4 a5 14. N1h2 c4 15. d4 b4 16. h5 h6 17. Ng4 Bf8 18. Qd2 bxc3 19. bxc3 Qd8 20. Rab1 Rcb8 21. Nxh6+ gxh6 22. Bxh6 Bxh6 23. Qxh6 Qf8 24. Qf4 Ne7 25. g4 Qg7 26. Nh2 Kh8 27. g5 Rg8 28. Rxb7 Rad8 29. g6 fxg6 30. h6 Qf8 31. Qg5 Nf5 32. Ng4 Qe7 33. Nf6 Rgf8 34. Reb1 1-0


[Site "https://www.chess.com"]

[Event "Titled Tuesday Blitz April 4 Early 2023"]
[White "Hrabinska, Myroslava"]
[Black "Hartikainen, Jarmo"]
[WhiteFideId "14109190"]
[BlackFideId "503134"]
[WhiteElo "2039"]
[BlackElo "2067"]
[Result "1/2-1/2"]
[Round "06"]
[TimeControl "180+2"]
[Date "2023.04.04"]
[WhiteClock "0:00:10"]
[BlackClock "0:01:00"]

1. e4 c5 2. b4 cxb4 3. a3 d6 4. axb4 Nf6 5. d3 g6 6. Bb2 Bg7 7. Nf3 Bg4 8. Be2 Nbd7 9. Nbd2 O-O 10. O-O a5 11. bxa5 Rxa5 12. h3 Bxf3 13. Nxf3 Qa8 14. Rxa5 Qxa5 15. Qb1 Rc8 16. c4 Qb4 17. Bxf6 Qxb1 18. Rxb1 Bxf6 19. Rxb7 Nc5 20. Ra7 Rb8 21. d4 Nxe4 22. Bd3 Ng5 23. Nxg5 Bxg5 24. c5 dxc5 25. dxc5 Rc8 26. Ra5 Bd2 27. Rb5 Bc3 28. Be4 f5 29. Bd5+ Kg7 30. c6 Be5 31. Rb7 Kf6 32. g3 Bd6 33. f4 Rc7 34. Kg2 e6 35. Bf3 e5 36. fxe5+ Kxe5 37. Kf2 g5 38. Ke2 h6 39. Bg2 Kd4 40. g4 f4 41. Rxc7 Bxc7 42. Bf3 Bd6 43. Bg2 Bc7 44. Bf3 Bd6 45. Bg2 Bc7 1/2-1/2


[Site "https://www.chess.com"]